AoeStats
← josiahkane

Four Lakes

509128794Analyzed
1v1 RM · 8d ago on Sep 25, 2026· 52m 10s· 2 players
Game mode
Random Map
Map size
Tiny (2 player)
Population
200
Speed
Normal
Resources
Standard
Victory
Conquest
Starting age
Dark Age
Ending age
Imperial Age
RankedLock teamsTeams togetherTeam positionsShared explorationLock speedFull tech treeHidden civsTurbo modeCheats
Victory
Defeat
🇻🇪 Franks · Venezuela
853
+17
🇬🇧 Burgundians · United Kingdom
882
-17
ANTONIO JOSE DE SUCRE
6:43 Loom
9:42 Feudal Age
10:30 Double-Bit Axe
21:37 Fletching
24:18 Castle Age
24:38 Forging
24:28 Crossbowman
24:33 Pikeman
26:45 Light Cavalry
28:37 Husbandry
30:13 Wheelbarrow
31:57 Iron Casting
33:40 Hand Cart
52:29 Imperial Age
josiahkane
12:05 Feudal Age
11:14 Double-Bit Axe
11:59 Horse Collar
14:14 Loom
21:13 Castle Age
20:21 Scale Barding Armor
20:47 Forging
22:03 Bow Saw
21:56 Heavy Plow
23:53 Husbandry
27:34 Fishing Lines
30:13 Wheelbarrow
29:10 Cavalier
31:13 Fletching
45:18 Imperial Age
43:28 Gillnets
Connection lost

Rejoining the realm…

Still unreachable

The connection could not be restored.

Session expired

The server has moved on; the page needs a fresh start.